 Dungeon Crawl Stone Soup version 0.29.1-2-gbd0b4ee654 (webtiles) character file.

Game seed: 6502339916899854373

23 qeuew the Poker (level 3, 35/35 HPs)
             Began as a Gnoll Chaos Knight on Nov 14, 2022.
             Was a Plaything of Xom.
             Quit the game on level 1 of the Dungeon.
             The game lasted 00:00:30 (453 turns).

qeuew the Poker (Gnoll Chaos Knight)                 Turns: 453, Time: 00:00:31

Health: 35/35      AC:  5    Str: 13    XL:     3   Next: 0%
Magic:  3/3        EV: 12    Int: 11    God:    Xom [..*...]
Gold:   68         SH:  0    Dex: 11    Spells: 3/3 levels left

rFire   . . .      SeeInvis .   a - +0 spear (chaos)
rCold   . . .      Faith    .   (no shield)
rNeg    . . .      Spirit   .   b - +2 leather armour
rPois   .          Reflect  .   (no helmet)
rElec   .          Harm     .   (no cloak)
rCorr   .          Rampage  .   (no gloves)
Will    .....                   (no boots)
Stlth   +.........              (no amulet)
HPRegen 0.11/turn               (no ring)
MPRegen 0.08/turn               (no ring)

@: no status effects
A: fangs 1, strong nose, distributed training
a: Renounce Religion


You were on level 1 of the Dungeon.
You worshipped Xom.
You were a toy of Xom.
You visited 1 branch of the dungeon, and saw 1 of its levels.

You collected 68 gold pieces.

Inventory:

Hand Weapons
 a - a +0 spear of chaos (weapon)
Armour
 b - a +2 leather armour (worn)
Scrolls
 e - a scroll of noise {unknown}
Potions
 d - 3 potions of curing {unknown}
 f - a potion of heal wounds {unknown}
Miscellaneous
 c - a piece from Xom's chessboard (15/15) (quivered)


   Skills:
 + Level 6.5 Fighting
 + Level 0.6 Short Blades
 + Level 0.6 Long Blades
 + Level 0.6 Axes
 + Level 0.6 Maces & Flails
 + Level 6.5 Polearms
 + Level 0.6 Staves
 + Level 0.6 Ranged Weapons
 + Level 0.6 Throwing
 + Level 4.5 Armour
 + Level 2.5 Dodging
 + Level 0.6 Stealth
 + Level 0.6 Shields
 + Level 0.6 Unarmed Combat
 + Level 0.6 Spellcasting
 + Level 0.4 Conjurations
 + Level 0.4 Hexes
 + Level 0.4 Summonings
 + Level 0.4 Necromancy
 + Level 0.4 Translocations
 + Level 0.4 Transmutations
 + Level 0.4 Fire Magic
 + Level 0.4 Ice Magic
 + Level 0.4 Air Magic
 + Level 0.4 Earth Magic
 + Level 0.4 Poison Magic
 + Level 0.8 Invocations
 + Level 0.6 Evocations


You had 3 spell levels left.
You didn't know any spells.
Your spell library was empty.

Dungeon Overview and Level Annotations

Branches:
Dungeon (1/15)

Altars:


Innate Abilities, Weirdness & Mutations

You have very sharp teeth.
Your uncanny sense of smell can sniff out nearby items.
Your experience applies equally to all skills.


Message History

No target in view!
No target in view!
No target in view!
No target in view!
No target in view!
Things that are here:
a +0 club; a goblin corpse
Found a stone staircase leading down.
No target in view!
There is an open door here.
You open the door.
There is an open door here.
You now have 52 gold pieces (gained 10).
You now have 68 gold pieces (gained 16).
The golden eye turns its gaze towards you.
A rat comes into view.
Found 11 gold pieces and a leather armour.
Found a faded altar of an unknown god.
A kobold and a rat come into view.
The floating eye turns its gaze towards you.
The shining eye turns its gaze towards you.
There are monsters nearby!
Found 13 gold pieces.
There are monsters nearby!
You reach to attack!
You hit the kobold.
You kill the kobold!
You hit the rat but do no damage. The rat bites you but does no damage.
You barely miss the rat. You closely miss the rat. The rat barely misses you.
You hit the rat but do no damage.
The golden eye pulsates ominously.
The rat barely misses you. The rat closely misses you.
You hit the rat. You freeze the rat.
You kill the rat!
The rat bites you but does no damage.
You have reached level 3!
Your experience leads to an increase in your attributes!
Increase (S)trength, (I)ntelligence, or (D)exterity?
You feel stronger. x2
Are you sure you want to abandon this character and quit the game? (Confirm with "yes".)

..... ..
###...### #$.
..#G#...#G#...
..###...###.##.
...............
......_......#
.....[.)r....#
###..@###..#
#G#...#G#..#
.###...###..# #
.............#
#
########.###.#
# #.#
#.###########
#.#
#............
#.#
#############
#.. ....###..##


You could see 2 shining eyes, a floating eye, a golden eye and a rat.

Vanquished Creatures
  A dart slug (D:1)
  A ball python (D:1)
  6 endoplasms (D:1)
  3 goblins (D:1)
  2 hobgoblins (D:1)
  3 kobolds (D:1)
  2 rats (D:1)
18 creatures vanquished.

Notes
Turn   | Place    | Note
-------+----------+-------------------------------------------
     0 | D:1      | qeuew the Gnoll Chaos Knight began the quest for the Orb.
     0 | D:1      | Reached XP level 1. HP: 23/23 MP: 1/1
   131 | D:1      | Reached XP level 2. HP: 27/29 MP: 2/2
   155 | D:1      | XOM: noise
   441 | D:1      | Noticed a golden eye
   443 | D:1      | Found a faded altar of an unknown god.
   444 | D:1      | Noticed a floating eye
   444 | D:1      | Noticed a shining eye
   444 | D:1      | Noticed a shining eye
   453 | D:1      | Reached XP level 3. HP: 35/35 MP: 3/3
   453 | D:1      | Quit the game

Illustrated notes

Levels and vault maps discovered:
D:1:      matt_arrival_refuge, layout_loops_ring,
          hellmonk_ecumenical_altar_watching_god, minivault_26

Action                   || total
-------------------------++-------
Melee: Spear             ||    41
       Bite              ||     3
 Stab: Distracted        ||     1
Armor: Leather armour    ||     5
Dodge: Dodged            ||    10
